 Dungeon Crawl Stone Soup version 0.29.1-12-g30fa7ad0bf (webtiles) character file.

Game seed: 630690985620286359

107645 croobank the Fighter (level 16, -21/129 HPs)
             Began as a Demonspawn Conjurer on Dec 25, 2022.
             Was an Initiate of Gozag.
             Demolished by an alligator (31 damage)
             ... on level 1 of the Swamp.
             The game lasted 02:40:30 (35225 turns).

croobank the Fighter (Demonspawn Conjurer)         Turns: 35225, Time: 02:40:31

Health: -21/129    AC: 19    Str: 21    XL:     16   Next: 0%
Magic:  15/29      EV: 12    Int: 33    God:    Gozag
Gold:   4207       SH:  0    Dex: 18    Spells: 7/33 levels left

rFire   + + .      SeeInvis +   R - +7 halberd of the Endless Stars {flame, Drain rElec Str+6 SInv}
rCold   . . .      Faith    .   (shield currently unavailable)
rNeg    . . .      Spirit   .   h - +0 chain mail {rPois}
rPois   +          Reflect  .   D - +1 helmet {Int+3}
rElec   +          Harm     .   A - +0 cloak of Undesirable Species {Drain Int+4 Dex+6}
rCorr   .          Rampage  .   (gloves unavailable)
Will    ++...                   i - +2 pair of boots {Stlth+}
Stlth   +++.......              E - amulet of Entrepreneurial Spirit {rF+ Regen+}
HPRegen 1.11/turn               J - ring of willpower
MPRegen 0.21/turn               I - +6 ring of strength

@: gold aura, on berserk cooldown, slowed, very slow
A: molten scales 3, demonic guardian 2, foul stench 1, demonic touch 3
a: Renounce Religion, Potion Petition, Call Merchant, Bribe Branch


You were on level 1 of the Swamp.
You worshipped Gozag.
Gozag was most pleased with you.
You visited 6 branches of the dungeon, and saw 25 of its levels.
You also visited: Sewer, Ossuary, Bailey and Volcano.

You collected 9601 gold pieces.
You spent 1557 gold pieces at shops.
You paid 3837 gold pieces to Gozag.

Inventory:

Hand Weapons
 s - the +2 short sword "Lyloetiv" {drain, rF+}
   (You found it on level 2 of the Dungeon)

   A truly terrible weapon, it drains the life of any living foe it strikes.
   rF:        It protects you from fire.
 O - a +6 scimitar
 R - the +7 halberd of the Endless Stars (weapon) {flame, Drain rElec Str+6 SInv}
   (You found it on level 7 of the Dungeon)

   It burns those it strikes, dealing additional fire damage.
   Big, fiery blades are also staple armaments of hydra-hunters.
   Str:       It affects your strength (+6).
   rElec:     It insulates you from electricity.
   SInv:      It lets you see invisible.
   Drain:     It drains your maximum health when unequipped.
 Z - a +2 dagger of venom
Missiles
 l - 11 atropa-tipped darts
 u - 20 curare-tipped darts (quivered)
Armour
 h - a +0 chain mail of poison resistance (worn)
 i - a +2 pair of boots of stealth (worn)
 A - the +0 cloak of Undesirable Species (worn) {Drain Int+4 Dex+6}
   (You found it on level 2 of the Dungeon)

   Int:       It affects your intelligence (+4).
   Dex:       It affects your dexterity (+6).
   Drain:     It drains your maximum health when unequipped.
 D - a +1 helmet of intelligence (worn)
 G - the +1 ring mail of Roilul {rC++ rN+ Str-5}
   (You found it on level 4 of the Dungeon)

   Str:       It affects your strength (-5).
   rC:        It greatly protects you from cold.
   rN:        It protects you from negative energy.
Magical Staves
 c - a staff of air
Jewellery
 f - a ring of positive energy
 n - an amulet of reflection
 E - the amulet of Entrepreneurial Spirit (around neck) {rF+ Regen+}
   (You bought it in a shop on level 2 of the Orcish Mines)

   [amulet of regeneration]

   rF:        It protects you from fire.
   Regen:     It increases your rate of health regeneration.
 F - a ring of protection from cold
 I - a +6 ring of strength (right hand)
 J - a ring of willpower (left hand)
 T - a ring of flight
 V - a ring of fire
Wands
 a - a wand of paralysis (23)
 w - a wand of flame (43)
 x - a wand of digging (3)
 H - a wand of roots (2)
 M - a wand of polymorph (8)
 W - a wand of acid (29)
 Y - a wand of mindburst (5)
Scrolls
 b - a scroll of enchant weapon
 e - 5 scrolls of immolation
 g - 2 scrolls of fear
 o - 15 scrolls of teleportation
 r - 2 scrolls of magic mapping
 y - 2 scrolls of amnesia
 N - 3 scrolls of fog
 Q - 11 scrolls of identify
 U - 2 scrolls of silence
Potions
 d - 5 potions of haste
 j - a potion of heal wounds
 k - 8 potions of lignification
 m - 3 potions of cancellation
 p - 5 potions of resistance
 q - 16 potions of curing
 v - 2 potions of flight
 K - 3 potions of ambrosia
 L - 8 potions of brilliance
 P - 4 potions of invisibility
 S - a potion of attraction
Miscellaneous
 z - a lightning rod (4/4)
 C - a box of beasts


   Skills:
 - Level 12.4 Fighting
 - Level 10.6 Polearms
 + Level 2.3 Armour
 - Level 9.6 Dodging
 - Level 10.2 Stealth
 - Level 9.4 Spellcasting
 - Level 10.1 Conjurations
 - Level 7.7 Hexes
 - Level 7.1 Translocations
 - Level 5.0 Transmutations
 - Level 5.0 Fire Magic
 - Level 1.5 Ice Magic
 - Level 1.7 Air Magic
 - Level 3.5 Poison Magic


You had 7 spell levels left.
You knew the following spells:

 Your Spells              Type           Power      Damage    Failure   Level
a - Magic Dart            Conj           100%       1d8       1%          1
b - Searing Ray           Conj           100%       2d8       1%          2
c - Dazzling Flash        Conj/Hex       100%       N/A       2%          3
d - Iskenderun's Mystic   Conj/Tloc      64%        2d13      9%          4
e - Beastly Appendage     Tmut           96%        N/A       3%          1
f - Wereblood             Tmut           48%        N/A       6%          2
g - Tukima's Dance        Hex            61%        N/A       3%          3
h - Mephitic Cloud        Conj/Pois/Air  49%        N/A       11%         3
i - Ignite Poison         Fire/Tmut/Pois 45%        N/A       14%         3
j - Petrify               Tmut/Erth      32%        N/A       71%         4

Your spell library contained the following spells:

 Spells                   Type           Power      Damage    Failure   Level
 Portal Projectile        Hex/Tloc       100%       N/A       4%          3
 Scorch                   Fire           96%        2d10      6%          2
 Inner Flame              Hex/Fire       55%        N/A       6%          3
 Ensorcelled Hibernation  Hex/Ice        92%        N/A       7%          2
 Fulminant Prism          Conj/Hex       33%        3d16      8%          4
 Cause Fear               Hex            30%        N/A       12%         4
 Flame Wave               Conj/Fire      60%        2d14      13%         4
 Sticky Flame             Conj/Fire      60%        2d8       13%         4
 Iskenderun's Battlesphe  Conj           70%        2d12      13%         5
 Poisonous Vapours        Pois/Air       66%        N/A       16%         2
 Spider Form              Tmut/Pois      43%        N/A       16%         3
 Summon Small Mammal      Summ           60%        N/A       30%         1
 Fireball                 Conj/Fire      30%        3d13      36%         5
 Irradiate                Conj/Tmut      30%        3d21      36%         5
 Sublimation of Blood     Necr           15%        N/A       41%         2
 Ozocubu's Armour         Ice            25%        N/A       43%         3
 Anguish                  Hex/Necr       20%        N/A       52%         4
 Blade Hands              Tmut           24%        N/A       71%         5
 Silence                  Hex/Air        23%        N/A       75%         5
 Freezing Cloud           Conj/Ice/Air   22%        6-21      78%         5
 Orb of Destruction       Conj           35%        9d10      98%         7
 Conjure Ball Lightning   Conj/Air       26%        3x3d7     99%         6
 Agony                    Necr           15%        N/A       100%        5
 Summon Cactus Giant      Summ           7%         N/A       100%        6
 Dragon Form              Tmut           24%        N/A       100%        7
 Ozocubu's Refrigeration  Ice            12%        4d10      100%        7
 Discord                  Hex            30%        N/A       100%        8
 Ignition                 Fire           24%        3d8       100%        8
 Corpse Rot               Necr/Pois/Air  Unusable   N/A       N/A         4

Dungeon Overview and Level Annotations

Branches:
Dungeon (15/15)            Temple (1/1) D:4            Lair (5/5) D:11
  Swamp (1/4) Lair:2        Snake (1/4) Lair:2        Slime (0/5) Lair:4
    Orc (2/2) D:10            Elf (0/3) Orc:2        Vaults (0/5) D:13
 Depths (0/4) D:15          Sewer (visited)         Ossuary (visited)
 Bailey (visited)         Volcano (visited)

Altars:
Ashenzari
Cheibriados
Dithmenos
Fedhas
Gozag
Hepliaklqana
Kikubaaqudgha
Makhleb
Nemelex Xobeh
Okawaru
Qazlal
Ru
Sif Muna
Trog
Uskayaw
Vehumet
Wu Jian
Xom
Yredelemnul
Lugonu

Shops:
D:1 [   D:8 ?   D:10 *   Orc:2 ==*[

Portals:
Abyss: Lair:5
Trove: D:11 (give +7 demon whip)

Annotations:
Lair:1 2 transporters
Lair:4 exclusion: 3 oklob plants


Innate Abilities, Weirdness & Mutations

You are completely covered in molten scales. (AC +4, rF+)
A demonic guardian rushes to your aid.
You may rarely emit foul miasma when damaged in melee.
Your touch may irresistibly damage your foes and sap their willpower.


Message History

You barely miss the alligator.
The alligator is lightly wounded.
The vampire mosquito bites you but does no damage.
The vampire mosquito closely misses you.
The alligator puts on a burst of speed!
You slash the alligator! You burn the alligator.
The alligator is moderately wounded.
The vampire mosquito is no longer distracted by gold.
The vampire mosquito closely misses you.
The vampire mosquito misses you.
The vampire mosquito bites you but does no damage.
The vampire mosquito closely misses you.
The alligator barely misses you. The alligator closely misses you.
The vampire mosquito bites you but does no damage.
The vampire mosquito barely misses you. The alligator bites you.
The alligator closely misses you.
You impale the vampire mosquito!! You burn the vampire mosquito.
You destroy the vampire mosquito!
The vampire mosquito bites you.
A demonic guardian appears!
The vampire mosquito draws strength from your injuries!
The vampire mosquito barely misses you. The alligator bites you!
* * * LOW HITPOINT WARNING * * *
The alligator tail-slaps you but does no damage.
The vampire mosquito bites you.
* * * LOW HITPOINT WARNING * * *
The vampire mosquito draws strength from your injuries!
The alligator bites you.
* * * LOW HITPOINT WARNING * * *
The alligator tail-slaps you but does no damage.
Your magical contamination has completely faded away.
You slash the alligator! You burn the alligator.
The alligator is heavily wounded.
The vampire mosquito completely misses you.
The vampire mosquito barely misses you. The alligator bites you!!
* * * LOW HITPOINT WARNING * * *
The alligator tail-slaps you.
* * * LOW HITPOINT WARNING * * *
The alligator bites you!!
You die...
Your body crumbles into a pile of gold.

♣♣~~~~...♣♣♣
♣...♣...~♣.♣♣ $
♣♣~♣.♣.~.~.~..~♣
♣.~~.♣..~......~
♣♣.~~~.♣~~.♣~♣♣♣♣
♣♣..~§..♣.~~.♣♣ ♣♣
♣♣~~♣~~..♣~~...♣♣~♣♣♣♣
♣♣...~~~.♣♣♣..~...♣♣...
♣♣~~~~♣~~<♣
♣♣~4@~.~.~~~.
♣..~~..~..♣
♣.yt$~~~~..~
.....~~~~.♣
♣♣...~.♣.~♣~
..~.§.~..~♣♣
♣...♣~.~~~~
♣.~~~.~.~..♣♣
♣.$.~.~~~~~
♣~~...~~~~§.♣
♣♣..~~~§~~~
♣.~.~~~....♣♣
♣♣...~§~~~
♣~~.~~~~~~~♣♣ ♣♣.~~....
♣~~~.~~~~~..♣ ♣.~.§~~


You could see an alligator (strong, swift, ally target), a vampire mosquito and
a friendly ice devil (summoned).

Vanquished Creatures
  Rupert (D:14)
  A stone giant (D:15)
  Nessos (D:14)
  Snorg (Orc:1)
  A red draconian (Volcano)
  An ettin (Orc:1)
  Josephine (Lair:5)
  6 hydras
  4 vault guards (D:13)
  Fannar (D:10)
  2 boulder beetles
  4 centaur warriors
  Erolcha (D:13)
  An anaconda (Snake:1)
  7 two-headed ogres
  An alligator (Swamp:1)
  A tengu warrior (D:15)
  4 thrashing horrors (Lair:5)
  2 orc high priests
  3 naga sharpshooters (Snake:1)
  A shock serpent (Snake:1)
  Sonja (D:10)
  Urug (Lair:5)
  A skeletal warrior (D:15)
  A spriggan druid (Swamp:1)
  Pikel (D:4)
  A deep elf pyromancer (D:15)
  A harpy (shapeshifter) (Lair:5)
  A mana viper (Snake:1)
  2 orc knights
  10 ugly things
  5 orc sorcerers
  A wolf spider zombie (D:13)
  A salamander (Snake:1)
  5 cyclopes
  19 elephants
  A salamander (shapeshifter) (D:15)
  3 naga magi (Snake:1)
  11 black mambas
  Joseph (D:10)
  2 smoke demons (Lair:5)
  11 cane toads
  3 gargoyles
  A rime drake (Lair:2)
  An efreet (D:15)
  Psyche (D:10)
  A kobold demonologist (D:11)
  A yaktaur (D:13)
  Maggie (D:8)
  A tengu conjurer (D:13)
  4 komodo dragons
  2 freezing wraiths (D:15)
  5 meliai
  2 ancient zymes (Lair:5)
  7 trolls
  2 polar bears
  A large abomination (Lair:5)
  A bloated husk (Swamp:1)
  A hornet (Lair:3)
  A tyrant leech (Swamp:1)
  15 blink frogs
  A slime creature (D:7)
  Grinder (D:5)
  3 spriggans
  2 vampires
  A ynoxinul (Lair:5)
  Sigmund (D:4)
  8 wraiths
  A wyvern (D:10)
  A dancing weapon (D:15)
  2 water elementals (D:15)
  4 basilisks
  2 steam dragons (D:7)
  A human (D:13)
  2 vampire mosquitoes (Swamp:1)
  2 hogs (D:15)
  Menkaure (D:4)
  2 chaos spawn (Lair:5)
  31 yaks
  2 swamp worms (Swamp:1)
  A warg (shapeshifter) (Lair:5)
  10 nagas
  An acid dragon (D:11)
  21 water moccasins
  A floating eye (shapeshifter) (D:12)
  2 ice beasts
  26 orc warriors
  5 sky beasts
  4 black bears
  11 ogres
  16 wolves
  11 centaurs
  3 lemures
  A phantom (D:6)
  20 bullfrogs
  An elf zombie (D:6)
  5 kobold brigands
  A gnoll sergeant (D:12)
  2 necrophages (D:7)
  10 scorpions
  9 wights
  11 small abominations (Lair:5)
  10 killer bees
  7 electric eels
  4 howler monkeys
  5 centaur zombies
  16 orc priests
  4 hounds
  2 human zombies
  4 iguanas
  3 human skeletons (D:6)
  28 orc wizards
  2 mummies (Ossuary)
  5 gnolls (D:12)
  10 adders
  A shadow imp (D:7)
  2 white imps
  2 ufetubi
  An adder zombie (Ossuary)
  3 worms (D:3)
  3 dart slugs
  84 orcs
  5 bats
  8 endoplasms
  9 giant cockroaches
  10 hobgoblins
  A quokka (D:1)
  15 ball pythons
  12 frilled lizards
  10 goblins
  6 goblin zombies (Ossuary)
  9 hobgoblin zombies (Ossuary)
  2 jackal zombies (Ossuary)
  16 kobolds
  12 kobold zombies (Ossuary)
  An orc skeleton (D:6)
  5 orc zombies (Ossuary)
  A rat (D:1)
734 creatures vanquished.

Vanquished Creatures (collateral kills)
  Agnes (D:15)
  A hydra (D:15)
  3 boulder beetles
  An anaconda (Snake:1)
  A death knight (D:15)
  A naga warrior (Snake:1)
  A naga sharpshooter (Snake:1)
  A skeletal warrior (D:13)
  Lodul (D:13)
  A mana viper (Snake:1)
  An ugly thing (D:15)
  A manticore (D:13)
  An elephant (Lair:3)
  2 centaur zombies (D:13)
  An efreet (D:15)
  A komodo dragon (Lair:3)
  A meliai (D:15)
  A small abomination (Lair:5)
  2 basilisks
  2 nagas (Snake:1)
  A swamp worm (Swamp:1)
  A large abomination (Lair:5)
  3 orc warriors (Orc:2)
  An ogre (D:13)
  A centaur (Volcano)
  2 orc priests (Orc:2)
  An orc wizard (Orc:2)
  5 orcs
  A ball python (Sewer)
  A giant cockroach (Sewer)
  A quokka (Sewer)
  5 kobolds (Bailey)
48 creatures vanquished.

Vanquished Creatures (others)
  Kirke (D:15)
  A naga sharpshooter (Snake:1)
  A blink frog (Lair:5)
  A human (D:15)
  3 dancing weapons
  2 orc wizards (Orc:2)
  15 fungi
  45 plants
  A withered plant (D:13)
70 creatures vanquished.

Grand Total: 852 creatures vanquished

Notes
Turn   | Place    | Note
-------+----------+-------------------------------------------
     0 | D:1      | croobank the Demonspawn Conjurer began the quest for the
                  | Orb.
     0 | D:1      | Reached XP level 1. HP: 13/13 MP: 3/3
   198 | D:1      | Gained mutation: You are partially covered in molten
                  | scales. (AC +2) [demonic ancestry]
   198 | D:1      | Reached XP level 2. HP: 19/19 MP: 1/5
   360 | D:1      | Found Cyatet's Armour Shop.
   372 | D:1      | Learned a level 2 spell: Searing Ray
   903 | D:1      | Gained mutation: You are mostly covered in molten scales.
                  | (AC +3) [demonic ancestry]
   903 | D:1      | Reached XP level 3. HP: 23/24 MP: 3/6
  1371 | D:2      | Identified the +0 cloak of Undesirable Species {Drain Int+4
                  | Dex+6}
  1402 | D:2      | Found a bloodstained altar of Trog.
  1711 | D:2      | Identified the +2 short sword "Lyloetiv" {drain, rF+}
  2045 | D:2      | You fall into a shaft and drop 2 floors!
  2096 | D:4      | Gained mutation: You are completely covered in molten
                  | scales. (AC +4, rF+) [demonic ancestry]
  2096 | D:4      | Reached XP level 4. HP: 30/30 MP: 3/7
  2139 | D:4      | Noticed Sigmund
  2148 | D:4      | Killed Sigmund
  2149 | D:4      | Gained mutation: A weak demonic guardian rushes to your
                  | aid. [demonic ancestry]
  2149 | D:4      | Reached XP level 5. HP: 35/35 MP: 3/9
  2231 | D:4      | Learned a level 3 spell: Dazzling Flash
  2236 | D:4      | Learned a level 4 spell: Iskenderun's Mystic Blast
  2269 | D:4      | Found a staircase to the Ecumenical Temple.
  2274 | Temple   | Entered the Ecumenical Temple
  2441 | Temple   | Became a worshipper of Gozag Ym Sagoz the Greedy
  3157 | D:3      | Found a glowing drain.
  3167 | Sewer    | Entered a sewer
  3464 | Sewer    | Gained mutation: Your touch may inflict minor irresistible
                  | damage on your foes. [demonic ancestry]
  3464 | Sewer    | Reached XP level 6. HP: 32/42 MP: 10/10
  3741 | Sewer    | Reached skill level 1 in Fighting
  3741 | Sewer    | Reached skill level 5 in Conjurations
  3811 | Sewer    | Reached skill level 1 in Translocations
  3862 | Sewer    | Identified the +2 pair of gloves of Space {-Tele Harm rElec
                  | Slay-2}
  4045 | D:3      | Reached skill level 1 in Hexes
  4617 | D:4      | Identified the +1 ring mail of Roilul {rC++ rN+ Str-5}
  4750 | D:4      | Gained mutation: You may rarely emit foul miasma when
                  | damaged in melee. [demonic ancestry]
  4750 | D:4      | Reached XP level 7. HP: 49/49 MP: 3/12
  4818 | D:4      | Learned a level 2 spell: Wereblood
  4826 | D:4      | Reached skill level 2 in Fighting
  4842 | D:4      | Noticed Menkaure
  4849 | D:4      | Killed Menkaure
  5280 | D:5      | Entered Level 5 of the Dungeon
  5677 | D:5      | Noticed Pikel
  5816 | D:5      | Reached skill level 1 in Transmutations
  6107 | D:4      | Killed Pikel
  6108 | D:4      | Reached skill level 3 in Fighting
  6108 | D:4      | Reached XP level 8. HP: 26/60 MP: 1/14
  6617 | D:5      | Noticed Grinder
  6626 | D:5      | Paralysed by Grinder for 2 turns
  6635 | D:5      | Killed Grinder
  6636 | D:5      | Reached skill level 4 in Fighting
  6889 | D:6      | Found a sand-covered staircase.
  6900 | Ossuary  | Entered an ossuary
  7131 | Ossuary  | Reached XP level 9. HP: 66/66 MP: 15/15
  7467 | D:6      | Reached skill level 5 in Fighting
  7641 | D:6      | Noticed a two-headed ogre
  7774 | D:6      | Killed a two-headed ogre
  7775 | D:6      | Reached skill level 5 in Dodging
  7775 | D:6      | Reached skill level 5 in Stealth
  7978 | D:6      | Learned a level 1 spell: Beastly Appendage
  8214 | D:6      | Reached skill level 5 in Spellcasting
  8228 | D:6      | Reached skill level 6 in Fighting
  8456 | D:7      | Found a flagged portal.
  8471 | Bailey   | Entered a bailey
  8498 | Bailey   | Reached XP level 10. HP: 76/76 MP: 15/17
  8540 | Bailey   | Found a burning altar of Makhleb.
  8540 | Bailey   | Noticed an orc knight
  8565 | Bailey   | Killed an orc knight
  8877 | D:7      | Noticed a boulder beetle
  8877 | D:7      | Noticed a five-headed hydra
  9258 | D:7      | Reached skill level 7 in Fighting
  9781 | D:7      | Found a bloodstained altar of Trog.
  9983 | D:7      | Reached skill level 5 in Hexes
 10125 | D:7      | Identified the +7 halberd of the Endless Stars {flame,
                  | Drain rElec Str+6 SInv}
 10130 | D:7      | Got Erucen's Tractate on Calling and the Volcanoes
 10134 | D:7      | Identified the +6 trident of Qazlal's Inspiration {venom,
                  | rC- Will+ MP+9 Str+3}
 10160 | D:7      | Killed a one-headed hydra
 10325 | D:7      | Reached XP level 11. HP: 84/85 MP: 19/19
 10479 | D:7      | Killed a boulder beetle
 10480 | D:7      | Reached skill level 5 in Translocations
 10881 | D:8      | Noticed Maggie
 10891 | D:8      | Killed Maggie
 10988 | D:8      | Found Ucent's Magic Scroll Shop.
 10990 | D:8      | Noticed a two-headed ogre
 11000 | D:8      | Killed a two-headed ogre
 11001 | D:8      | Reached skill level 8 in Fighting
 11094 | D:8      | Bought 2 scrolls of enchant weapon for 165 gold pieces
 11094 | D:8      | Bought a scroll of brand weapon for 104 gold pieces
 11094 | D:8      | Bought a scroll of enchant weapon for 82 gold pieces
 11094 | D:8      | Bought a scroll of identify for 22 gold pieces
 11094 | D:8      | Bought a scroll of identify for 22 gold pieces
 11526 | D:9      | Noticed a two-headed ogre
 11532 | D:9      | Learned a level 3 spell: Tukima's Dance
 11550 | D:9      | Killed a two-headed ogre
 12296 | D:10     | Entered Level 10 of the Dungeon
 12355 | D:10     | Found a staircase to the Orcish Mines.
 12510 | D:10     | Noticed Joseph
 12522 | D:10     | Killed Joseph
 12548 | D:10     | Noticed a two-headed ogre
 12557 | D:10     | Killed a two-headed ogre
 12682 | D:10     | Noticed Sonja
 12691 | D:10     | Killed Sonja
 12815 | D:10     | Noticed Fannar
 12974 | D:1      | Bought a +2 robe of resistance for 490 gold pieces
 13548 | D:10     | Killed Fannar
 13549 | D:10     | Reached skill level 9 in Fighting
 13587 | D:10     | Found Molu's Assorted Antiques.
 13599 | D:10     | Bought a smoky sapphire potion for 28 gold pieces
 13599 | D:10     | Bought a glowing emerald potion for 28 gold pieces
 13650 | D:10     | Noticed a two-headed ogre
 13668 | D:10     | Killed a two-headed ogre
 13793 | D:10     | Noticed Psyche
 13797 | D:10     | Killed Psyche
 13961 | D:11     | Noticed a boulder beetle
 13976 | D:11     | Killed a boulder beetle
 14139 | D:11     | Reached XP level 12. HP: 88/95 MP: 22/22
 14376 | D:11     | Learned a level 3 spell: Mephitic Cloud
 14380 | D:11     | Learned a level 3 spell: Ignite Poison
 14387 | D:11     | Noticed a six-headed hydra
 14418 | D:11     | Killed a four-headed hydra
 14800 | D:11     | Found a staircase to the Lair.
 15100 | D:11     | Found a portal to a secret trove of treasure.
 15523 | D:12     | Reached skill level 10 in Fighting
 15711 | D:12     | Noticed a two-headed ogre
 15720 | D:12     | Killed a two-headed ogre
 16711 | D:13     | Noticed a centaur warrior
 16716 | D:13     | Noticed Lodul
 16721 | D:13     | Killed a centaur warrior
 16738 | D:13     | Killed Lodul
 16739 | D:13     | Gained mutation: Your touch may inflict irresistible damage
                  | on your foes. [demonic ancestry]
 16739 | D:13     | Reached XP level 13. HP: 49/104 MP: 2/24
 16759 | D:13     | Noticed Erolcha
 16777 | D:13     | Killed Erolcha
 17072 | D:13     | Reached skill level 11 in Fighting
 17373 | Lair:1   | Entered Level 1 of the Lair of Beasts
 17427 | Lair:1   | Reached skill level 1 in Polearms
 18425 | Lair:1   | Found a transporter.
 18426 | Lair:1   | Found a transporter.
 19084 | Lair:2   | Reached skill level 5 in Polearms
 19230 | Lair:2   | Found a staircase to the Snake Pit.
 19559 | Lair:2   | Found a staircase to the Swamp.
 20919 | Lair:3   | Reached XP level 14. HP: 113/113 MP: 22/25
 21867 | Lair:4   | Reached skill level 1 in Fire Magic
 23154 | Lair:5   | Entered Level 5 of the Lair of Beasts
 23160 | Lair:5   | Noticed Urug
 23472 | Lair:5   | Killed Urug
 23662 | Lair:5   | Noticed Josephine
 23682 | Lair:5   | Killed Josephine
 24679 | Lair:5   | Reached skill level 5 in Transmutations
 25057 | Lair:5   | Found a corrupted altar of Lugonu.
 25057 | Lair:5   | Found a one-way gate to the infinite horrors of the Abyss.
 25530 | Orc:1    | Entered Level 1 of the Orcish Mines
 26533 | Orc:1    | Noticed Snorg
 26546 | Orc:1    | Killed Snorg
 27085 | Orc:2    | Entered Level 2 of the Orcish Mines
 27152 | Orc:2    | Paralysed by an orc sorcerer for 4 turns
 27158 | Orc:2    | Gained mutation: A demonic guardian rushes to your aid.
                  | [demonic ancestry]
 27158 | Orc:2    | Reached XP level 15. HP: 81/120 MP: 12/27
 27173 | Orc:2    | Found a dark tunnel.
 27190 | Volcano  | Entered a volcano
 27236 | Volcano  | Found a burning altar of Makhleb.
 27247 | Volcano  | Reached skill level 10 in Conjurations
 27518 | Orc:2    | Found a staircase to the Elven Halls.
 27642 | Orc:2    | Found Duijun's Assorted Antiques.
 27642 | Orc:2    | Found Xid Har's Antique Armour Emporium.
 27643 | Orc:2    | Found Babb's Jewellery Shoppe.
 27701 | Orc:2    | Found Plog's Jewellery Shoppe.
 27727 | Orc:2    | Bought the amulet of Entrepreneurial Spirit {rF+ Regen+}
                  | for 616 gold pieces
 28526 | D:13     | Found a gate to the Vaults.
 28913 | D:14     | Noticed Nessos
 29399 | D:14     | Killed Nessos
 29400 | D:14     | Reached skill level 10 in Polearms
 29434 | D:14     | Noticed Rupert
 29461 | D:14     | Killed Rupert
 30075 | D:14     | Found an opulent altar of Gozag.
 30086 | D:14     | Reached skill level 1 in Poison Magic
 30725 | D:15     | Entered Level 15 of the Dungeon
 30806 | D:15     | Noticed Agnes
 30816 | D:15     | Killed Agnes
 30817 | D:15     | Reached skill level 12 in Fighting
 31231 | D:15     | Reached skill level 5 in Fire Magic
 32197 | D:15     | Noticed Kirke
 32236 | D:15     | Killed Kirke
 32305 | D:15     | Reached skill level 10 in Stealth
 32314 | D:15     | Found a staircase to the Depths.
 32948 | Snake:1  | Entered Level 1 of the Snake Pit
 33144 | Snake:1  | Reached skill level 1 in Air Magic
 33159 | Snake:1  | Reached skill level 1 in Ice Magic
 34060 | Snake:1  | HP: 3/122 [mana viper (12)]
 34417 | Snake:1  | Learned a level 4 spell: Petrify
 34843 | Swamp:1  | Entered Level 1 of the Swamp
 35021 | Swamp:1  | Reached skill level 1 in Armour
 35222 | Swamp:1  | Gained mutation: Your touch may irresistibly damage your
                  | foes and sap their willpower. [demonic ancestry]
 35222 | Swamp:1  | Reached XP level 16. HP: 51/129 MP: 14/29
 35225 | Swamp:1  | Demolished by an alligator

Illustrated notes

Levels and vault maps discovered:
D:1:      onia_arrival_mini_maze, layout_rooms, serial_shops, nicolae_shop_stone
D:2:      layout_loops_corners, basic_altar
D:3:      layout_basic, cheibrodos_sewer_entry_sluice, minmay_shallow_snake_nest
D:4:      layout_loops_ring, temple_doors_cd, uniq_menkaure, uniq_sigmund
D:5:      layout_basic, minivault_19, uniq_pikel, uniq_grinder
D:6:      layout_rooms, nicolae_ossuary_entry_catacombs, st_stairs_11
D:7:      minmay_the_grid_octo_tiled_squarecenter
          [minmay_the_grid_octo_checkered, minmay_the_grid_octo_chip,
          minmay_the_grid_octo_toaster, minmay_the_grid_octo_fan_narrow,
          minmay_the_grid_square_5x5_megaprize_crossed,
          minmay_the_grid_square_5x5_bridge, minmay_the_grid_square_5x5_n_small,
          minmay_the_grid_square_5x5_z, minmay_the_grid_square_5x5_moneybag],
          layout_loops_ring, amcnicky_altar_gilded, enter_bailey_2
D:8:      layout_gridville, serial_shops,
          nicolae_shop_temple_entry_statues_fountains, nicolae_titane,
          uniq_maggie
D:9:      layout_irregular_city
D:10:     layout_roguey, mainiacjoe_overflow_concentric_impassable,
          hiddenorc1_lemuel, serial_shops,
          nicolae_shop_temple_entry_statues_fountains, uniq_joseph, uniq_fannar,
          uniq_psyche, uniq_sonja
D:11:     layout_roguey, grunt_lair_entry_orc_guard_hut,
          nicolae_trove_entry_diagonal, kennysheep_generic_room_7
D:12:     layout_stronghold, serial_column_ruins, column_ruins_hut,
          column_ruins_corridor_dead_end, column_ruins_open_tiny,
          column_ruins_corridor_water, column_ruins_corridor_dead_end
D:13:     layout_cave_pools, grunt_vaults_entry_fortified, serial_undead,
          serial_undead_e, serial_undead_f, serial_undead_c, serial_undead_e,
          serial_undead_a, uniq_erolcha, uniq_lodul
D:14:     layout_grid_maze, nicolae_gozag_seed_capital, uniq_rupert, uniq_nessos
D:15:     grunt_enter_depths_giant_problem, layout_irregular_city,
          serial_bayou_ford_a, hangedman_decor_growths, uniq_kirke, uniq_agnes
Temple:   nicolae_temple_slightly_damp_pantheon
Lair:1:   gammafunk_boulding_lane, layout_layer_cave
Lair:2:   layout_loops_ring, minmay_swamp_entry_eels,
          guppyfry_snake_entry_island, beast_lair_carwin_10
Lair:3:   layout_long_grid, beast_lair_carwin_7
Lair:4:   layout_cellular_growth, minmay_slime_entry_oklob_open,
          lemuel_fruit_tree
Lair:5:   hellmonk_lair_end_abyssal_woods, layout_loops_ring,
          serial_bayou_pond_e, chequers_serial_rivers_small_b, st_stairs_5,
          serial_bayou_shore_a, grunt_megastairs_1, uniq_josephine, uniq_urug
Swamp:1:  cheibrodos_swamp_monstrosity, layout_falls_marsh,
          nicolae_swamp_big_swirl
Snake:1:  hangedman_cross_stitches, layout_honeycomb
Orc:1:    layout_caves, uniq_snorg
Orc:2:    st_orc_mages, layout_caves, basic_altar,
          nicolae_volcano_entry_lava_flow

Skill      XL: |  1  2  3  4  5  6  7  8  9 10 11 12 13 14 15 |
---------------+----------------------------------------------+-----
Stealth        | 2 3 4 5 6 7 8 9 10 | 10.2
Dodging        | 2 3 4 5 6 7 8 9 |  9.6
Spellcasting   | 3 4 5 6 7 8 9 |  9.4
Fighting       | 1 3 4 6 7 9 10 11 12 | 12.4
Conjurations   | 5 6 7 8 9 10 | 10.1
Translocations | 1 2 3 4 5 6 7 |  7.1
Hexes          | 1 2 3 4 5 6 7 |  7.7
Transmutations | 1 2 3 5 |  5.0
Polearms       | 8 9 10 | 10.6
Fire Magic     | 4 5 |  5.0
Poison Magic   | 3 |  3.5
Air Magic      | 1 |  1.7
Ice Magic      | 1 |  1.5
Armour         | 2 |  2.3

Action                   |  1- 3 |  4- 6 |  7- 9 | 10-12 | 13-15 | 16-18 || total
-------------------------+-------+-------+-------+-------+-------+-------++-------
Melee: Dagger            |    13 |       |       |       |       |       ||    13
       Short sword       |     3 |   111 |   247 |    88 |       |       ||   449
       Punch             |       |     2 |     4 |     2 |       |       ||     8
       Touch             |       |     5 |    49 |    22 |       |       ||    76
       Kick              |       |       |    22 |    77 |   221 |       ||   320
       Headbutt          |       |       |    13 |    40 |   162 |       ||   215
       Unarmed           |       |       |    12 |       |       |       ||    12
       Halberd           |       |       |       |   376 |   915 |     4 ||  1295
Throw: Dart              |       |       |       |    10 |    11 |       ||    21
 Cast: Magic Dart        |    43 |    14 |    28 |    22 |    34 |       ||   141
       Searing Ray       |    14 |    18 |    40 |    25 |    36 |       ||   133
       Dazzling Flash    |       |     5 |     4 |     3 |       |       ||    12
       Wereblood         |       |       |     5 |    31 |    96 |       ||   132
       Beastly Appendage |       |       |     5 |    28 |    89 |       ||   122
       Iskenderun's Myst |       |       |       |    41 |   153 |       ||   194
       Tukima's Dance    |       |       |       |    16 |     7 |       ||    23
       Mephitic Cloud    |       |       |       |     1 |     9 |       ||    10
       Ignite Poison     |       |       |       |     1 |     5 |       ||     6
Invok: Potion Petition   |       |       |       |     1 |     8 |       ||     9
Evoke: Wand              |       |       |       |     4 |    20 |       ||    24
       Box of beasts     |       |       |       |       |     1 |       ||     1
       Lightning rod     |       |       |       |       |     1 |       ||     1
  Use: Scroll            |       |       |    14 |    21 |    12 |       ||    47
       Potion            |       |       |     1 |     6 |    17 |       ||    24
 Stab: Sleeping          |     6 |     5 |     7 |    19 |    11 |       ||    48
       Distracted        |       |       |     3 |     3 |    20 |       ||    26
       Invisible         |       |       |       |     2 |     1 |       ||     3
       Paralysed         |       |       |       |       |     1 |       ||     1
Armor: Robe              |     6 |    60 |    89 |    33 |       |       ||   188
       Steam dragon scal |       |       |       |    27 |       |       ||    27
       Ring mail         |       |       |       |   156 |   375 |       ||   531
       Chain mail        |       |       |       |       |    19 |     5 ||    24
Dodge: Dodged            |    18 |   122 |   226 |   458 |   747 |    11 ||  1582
Block: Other             |     2 |    44 |       |       |       |       ||    46
       Reflection        |       |     1 |       |       |       |       ||     1
